 Dungeon Sprint DCSS version 0.17-a0-1793-gcbb3aa1 (webtiles) character file.

127 pipel the Magician (level 5, 0/31 HPs)
             Began as a Tengu Air Elementalist on Sept 9, 2015.
             Was a Believer of Sif Muna.
             Slain by a phantom (4 damage)
             ... in the Dungeon (Sprint IX: "|||||||||||||||||||||||||||||").
             The game lasted 00:02:47 (281 turns).

pipel the Magician (Tengu Air Elementalist)          Turns: 281, Time: 00:02:47

Health: 0/31       AC:  8    Str:  8    XL:     5   Next: 11%
Magic:  3/16       EV: 16    Int: 17    God:    Sif Muna [**....]
Gold:   0          SH:  0    Dex: 14    Spells: 2 memorised, 16 levels left

rFire  . . .     SeeInvis .     a - +2 dire flail (protect)
rCold  . . .     Clarity  .     q - +0 robe
rNeg   . . .     SustAt   .     (no shield)
rPois  .         Gourm    .     (helmet restricted)
rElec  .         Spirit   .     (no cloak)
rCorr  .         Warding  .     k - +0 pair of gloves
rMut   .         NoTele   +     (boots unavailable)
MR     .....                    (no amulet)
Stlth  ++........               s - +2 ring of evasion
                                r - +2 ring of evasion

@: repel missiles, not resistant to hostile enchantments, unstealthy
A: beak, talons 3, able to fly 1
a: Fly, Channel Energy, Forget Spell, Renounce Religion


You were in the Dungeon.
You worshipped Sif Muna.
Sif Muna was pleased with you.
You were not hungry.

You visited 1 branch

Inventory:

Hand weapons
 a - a +2 dire flail of protection (weapon)
 j - a +0 club
Armour
 k - a +0 pair of gloves (worn)
 q - a +0 robe (worn)
Magical staves
 b - an uncursed staff of energy
Jewellery
 r - a +2 ring of evasion (left hand)
 s - a +2 ring of evasion (right hand)
Magical devices
 o - a wand of cold (0)
Scrolls
 i - 2 scrolls of blinking
 m - 3 scrolls of remove curse
 n - 2 scrolls of amnesia
Potions
 d - 5 potions of curing
 e - 2 potions of heal wounds
 f - a potion of haste
 g - 4 potions of magic
 h - a potion of berserk rage
 l - a potion of invisibility
Books
 p - a book of Air

   Spells                             Type                      Level
   a - Shock                          Conjuration/Air              1
   b - Swiftness                      Charms/Air                   2
   c - Repel Missiles                 Charms/Air                   2
   d - Static Discharge               Conjuration/Air              3
   e - Lightning Bolt                 Conjuration/Air              5
Comestibles
 c - a bread ration


   Skills:
 * Level 2.4 Fighting
 - Level 2.1 Dodging
 - Level 2.0 Stealth
 + Level 7.9 Spellcasting
 + Level 5.2 Conjurations
 - Level 4.0 Air Magic


You had 16 spell levels left.
You knew the following spells:

 Your Spells              Type           Power        Failure   Level  Hunger
a - Shock                 Conj/Air       ###.         1%          1    None
b - Repel Missiles        Chrm/Air       ##....       10%         2    None


Dungeon Overview and Level Annotations

Branches:
Dungeon (1/1)

Altars:
Cheibriados
Dithmenos
Elyvilon
Fedhas
Gozag
Kikubaaqudgha
Makhleb
Nemelex Xobeh
Okawaru
Qazlal
Ru
Sif Muna
Trog
Vehumet
Xom
Yredelemnul
Zin
The Shining One
Beogh
Jiyva
Lugonu


Innate Abilities, Weirdness & Mutations

You have a beak for a mouth.
You have claws for feet.
You can fly.


Message History

Aim: an orc warrior, wielding a flail and wearing a chain mail (severely wounded)
The bolt of cold misses the orc warrior.
This wand has 1 charge left.
The orc warrior hits you but does no damage.
Evoke which item? (* to show all) (? for menu, Esc to quit)
Zapping:
o - a wand of cold (1)
Press: ? - help, Shift-Dir - straight line, f/p - orc warrior
Aim: an orc warrior, wielding a flail and wearing a chain mail (severely wounded)
The bolt of cold hits the orc warrior.
The orc warrior is almost dead.
This wand has 0 charges left.
The orc warrior misses you.
The phantom blinks!
Casting: Shock
Confirm with . or Enter, or press ? or * to list all spells.
Aiming: Shock
Press: ? - help, Shift-Dir - straight line, f/p - orc warrior
Aim: an orc warrior, wielding a flail and wearing a chain mail (almost dead)
The zap hits the orc warrior.
The orc warrior appears unharmed.
The orc warrior is almost dead.
The orc warrior completely misses you. The phantom hits you.
You die...

▓.▓
▓.▓
▓.▓
▓)▓
▓[▓
▓.▓
▓[▓
▓W▓
▓@▓
▓o▓
▓)▓
▓.▓
▓.▓
▓.▓
▓.▓
▓.▓


You could see a phantom and an orc warrior.

Vanquished Creatures
  A wight (D)
  A crimson imp (D)
  An iguana (D)
  An adder (D)
  A gnoll (D)
  A bat zombie (D)
  A giant cockroach (D)
  A goblin (D)
  2 quokkas (D)
  A ball python skeleton (D)
  3 bats (D)
14 creatures vanquished.

Notes
Turn   | Place    | Note
--------------------------------------------------------------
     0 | D        | pipel the Tengu Air Elementalist began the quest for the Orb.
     0 | D        | Reached XP level 1. HP: 10/10 MP: 4/4
   181 | D        | Reached XP level 2. HP: 15/15 MP: 6/8
   185 | D        | Reached skill level 5 in Spellcasting
   194 | D        | Learned a level 2 spell: Repel Missiles
   196 | D        | Found a glowing silver altar of Zin.
   196 | D        | Found a glowing golden altar of the Shining One.
   196 | D        | Found an ancient bone altar of Kikubaaqudgha.
   196 | D        | Found a basalt altar of Yredelemnul.
   196 | D        | Found a shimmering altar of Xom.
   196 | D        | Found a radiant altar of Vehumet.
   197 | D        | Found an iron altar of Okawaru.
   198 | D        | Found a burning altar of Makhleb.
   199 | D        | Found a deep blue altar of Sif Muna.
   200 | D        | Found a bloodstained altar of Trog.
   201 | D        | Found a sparkling altar of Nemelex Xobeh.
   202 | D        | Found a white marble altar of Elyvilon.
   203 | D        | Found a roughly hewn altar of Beogh.
   204 | D        | Found a viscous altar of Jiyva.
   205 | D        | Found a corrupted altar of Lugonu.
   206 | D        | Found a blossoming altar of Fedhas.
   207 | D        | Became a worshipper of Sif Muna the Loreminder
   208 | D        | Found a snail-covered altar of Cheibriados.
   209 | D        | Found a shadowy altar of Dithmenos.
   210 | D        | Found a stormy altar of Qazlal.
   211 | D        | Found an opulent altar of Gozag.
   212 | D        | Found a sacrificial altar of Ru.
   264 | D        | Noticed a phantom
   264 | D        | Noticed a crimson imp
   264 | D        | Noticed a wight
   264 | D        | Noticed an orc warrior
   264 | D        | Noticed an iguana
   267 | D        | Reached XP level 3. HP: 19/19 MP: 7/11
   270 | D        | Killed an iguana
   270 | D        | Reached skill level 6 in Spellcasting
   271 | D        | Killed a wight
   271 | D        | Acquired Sif Muna's first power
   271 | D        | Reached skill level 7 in Spellcasting
   271 | D        | Reached XP level 4. HP: 15/24 MP: 3/14
   274 | D        | Killed a crimson imp
   274 | D        | Acquired Sif Muna's second power
   274 | D        | Reached skill level 5 in Conjurations
   274 | D        | Gained mutation: You can fly. [Tengu growth]
   274 | D        | Reached XP level 5. HP: 27/31 MP: 3/16
   281 | D        | Slain by a phantom

Vault maps used:
D:        linesprint

Action                   |  1- 3 |  4- 6 || total
-------------------------+-------+-------++-------
Melee: Unarmed           |     8 |       ||     8
 Cast: Shock             |    16 |     3 ||    19
       Repel Missiles    |     1 |       ||     1
Evoke: Wand              |       |     7 ||     7
  Use: Potion            |       |     1 ||     1
